[Event "Early-Titled-Tuesday-Blitz-October-03-2023"]
[Site "Chess.com"]
[Date "2023.10.03"]
[Round "10"]
[White "blitzking1729"]
[Black "Duhless"]
[Result "1-0"]
[WhiteElo "2741"]
[BlackElo "2943"]
[TimeControl "180+1"]
[EndTime "9:56:08 PDT"]
[Termination "blitzking1729 won by resignation"]

1. Nf3 d5 2. e3 Nf6 3. c4 e6 4.
Nc3 Nbd7 5. b3 a6 6. Bb2 b6 7. cxd5 exd5 8. Rc1 Bb7 9. g3 Bd6 10. Bg2 Qe7 11. O-O h5 12. h4 O-O-O 13. Ne2 g6 14. Nfd4 c5 15. b4 Kb8 16. bxc5 Nxc5 17. Rb1 Ng4 18. Nf3 Rhe8 19. Bd4 b5 20. d3 Rc8 21. Qd2 Na4 22. Nf4 Ba3 23. Qa5 Rc2 24. Ng5 Rxa2 25. Nxd5 Qd8 26. Rxb5 axb5 27. Qxb5 Bb2 28. Nb4 Qc8 29.
Bxb7 Qxb7 30. Qxe8+ 1-0

[Event "Early-Titled-Tuesday-Blitz-October-03-2023"]
[Site "Chess.com"]
[Date "2023.10.03"]
[Round "10"]
[White "RETURNOFTHELAGGER"]
[Black "ama18"]
[Result "1-0"]
[WhiteElo "2669"]
[BlackElo "2542"]
[TimeControl "180+1"]
[EndTime "9:56:08 PDT"]
[Termination "RETURNOFTHELAGGER won on time"]

1. e4 c5 2. Nc3 e6 3. f4 d6 4. Nf3 Nc6 5. Bb5 Bd7 6. O-O g6 7. d3 Bg7 8. Qe1 Nge7 9. Be3 O-O 10. Qh4 Nd4 11. Bxd7 Qxd7 12. Bxd4 cxd4 13. Ne2 Nc6 14. f5 exf5 15. exf5 Qe7 16. Qxe7 Nxe7 17. Nexd4 gxf5 18. Rae1 Ng6 19. Nxf5 Bxb2 20. Rb1 Ba3 21. Rxb7 Rac8 22.
c4 Rb8 23. Rfb1 Rxb7 24. Rxb7 Nf4 25. d4 a5 26. Kf2 Nd3+ 27. Kg3 Nc1 28. Ra7 Bb4 29. a3 Bxa3 30. Rxa5 Bb4 31. Ra7 Re8 32. Ng5 Be1+ 33. Kg4 Re2 34. Ra8+ 1-0

[Event "Early-Titled-Tuesday-Blitz-October-03-2023"]
[Site "Chess.com"]
[Date "2023.10.03"]
[Round "10"]
[White "Maxfan2008"]
[Black "MAGMAchess02"]
[Result "1-0"]
[WhiteElo "2577"]
[BlackElo "2373"]
[TimeControl "180+1"]
[EndTime "9:56:16 PDT"]
[Termination "Maxfan2008 won by resignation"]

1. d4 Nf6 2. c4 c5 3. d5 b5 4. cxb5 a6 5. bxa6 g6 6. Nc3 Bg7 7. Nf3 O-O 8. g3 d6 9. Bg2 Nbd7 10. O-O Nb6 11. Ne1 Bxa6 12. Nc2 Qd7 13. Ne3 Rfb8 14. Qc2 Ne8 15. b3 Nc7 16. Bb2 c4 17. b4 Bb7 18.
a4 Bxc3 19. Qxc3 f6 20. a5 Nbxd5 21. Nxd5 Nxd5 22. Qxc4 e6 23. b5 Rc8 24. Qb3 Rc5 25. a6 Bc8 26. b6 Bxa6 27. Rxa6 Rxa6 28. b7 Rb5 29. b8=Q+ Rxb8 30. Qxb8+ Kg7 31. Bxd5 exd5 32. Qb3 Qf5 33. Qb7+ 1-0

[Event "Early-Titled-Tuesday-Blitz-October-03-2023"]
[Site "Chess.com"]
[Date "2023.10.03"]
[Round "10"]
[White "Defenstrator"]
[Black "viktorskliarov"]
[Result "0-1"]
[WhiteElo "2467"]
[BlackElo "2659"]
[TimeControl "180+1"]
[EndTime "9:56:21 PDT"]
[Termination "viktorskliarov won on time"]

1. Nh3 e5 2. g3 h5 3. f4 d6 4. Bg2 Bxh3 5. Bxh3 exf4 6. O-O fxg3 7. e4 Qh4 8. Qf3 Nf6 9. Qxg3 Qxg3+ 10. hxg3 Nc6 11. c3 Be7 12. Na3 a6 13. d3 Ne5 14. d4 Neg4 15. Bg5 Nxe4 16. Bxe7 Kxe7 17. Rae1 d5 18. c4 c6 19. cxd5 cxd5 20. Rf5 Nf6 21. Nc2 Kd6 22. Nb4 Rhe8 23. Bg2 Nxg3 24. Rxe8 Rxe8 25. Rg5 Nge4 26. Rxg7 Re7 27. Nd3 Ng4 28. Ne5 Nxe5 29.
dxe5+ Kxe5 30. Rh7 Nf6 31. Rh8 Re8 32. Rh6 b5 33.
Kh2 Ng4+ 0-1

[Event "Early-Titled-Tuesday-Blitz-October-03-2023"]
[Site "Chess.com"]
[Date "2023.10.03"]
[Round "10"]
[White "KorolDimitriy75"]
[Black "Larina_Maria"]
[Result "1-0"]
[WhiteElo "2375"]
[BlackElo "2225"]
[TimeControl "180+1"]
[EndTime "9:56:23 PDT"]
[Termination "KorolDimitriy75 won by resignation"]

1. d4 f5 2. c4 Nf6 3. Nf3 g6 4. g3 Bg7 5. b3 O-O 6. Bb2 a5 7.
Bg2 d6 8. O-O Na6 9. Nbd2 c6 10.
Re1 Ne4 11. Nxe4 fxe4 12. Nd2 d5 13. f3 Bh6 14. fxe4 Be3+ 15. Kh1 Rf2 16. Nf1 Rxg2 17.
Kxg2 Bg5 18. exd5 cxd5 19. e4 dxe4 20. d5 Nc5 21. Bd4 b6 22. Nd2 Bf5 23. Bxc5 bxc5 24. Nxe4 Bh6 25. Nxc5 Qc8 26. Ne6 Bxe6 27. Rxe6 Ra6 28.
Qe2 Ra7 29. Rxe7 Rxe7 30. Qxe7 Bg7 31. Rf1 1-0

[Event "Early-Titled-Tuesday-Blitz-October-03-2023"]
[Site "Chess.com"]
[Date "2023.10.03"]
[Round "10"]
[White "zozik"]
[Black "ezkybel"]
[Result "0-1"]
[WhiteElo "2342"]
[BlackElo "2501"]
[TimeControl "180+1"]
[EndTime "9:56:25 PDT"]
[Termination "ezkybel won by resignation"]

1. d4 e6 2. Nf3 Nf6 3. g3 c5 4. Bg2 Nc6 5. O-O Qb6 6. Na3 d5 7. c4 cxd4 8. cxd5 Nxd5 9. Nc4 Qa6 10. b3 Be7 11. Bb2 b5 12. Nce5 Nxe5 13. Nxe5 O-O 14. Qxd4 Bf6 15. e4 Ne7 16. Qe3 Bb7 17. a4 b4 18. Rad1 Rfd8 19. Rfe1 Ng6 20. Bf1 Qb6 21. Qxb6 axb6 22. Rxd8+ Rxd8 23. Nc4 Bxb2 24. Nxb2 Ne5 25. Bg2 Rd2 26. Nc4 Nxc4 27. bxc4 b3 28. Rb1 b2 29. e5 Ba6 30. Bf1 f6 31. exf6 gxf6 32. h4 Kf7 33. h5 Ke7 34. h6 Kd6 35. Kg2 Bb7+ 36. Kg1 Be4 0-1

[Event "Early-Titled-Tuesday-Blitz-October-03-2023"]
[Site "Chess.com"]
[Date "2023.10.03"]
[Round "10"]
[White "mortngabriel"]
[Black "Shuvalov"]
[Result "0-1"]
[WhiteElo "2559"]
[BlackElo "2480"]
[TimeControl "180+1"]
[EndTime "9:56:26 PDT"]
[Termination "Shuvalov won by resignation"]

1. e4 e6 2. d4 d5 3. Nc3 Bb4 4. Ne2 Nc6 5. a3 Ba5 6. b4 Bb6 7. Bb2 Nge7 8. Na4 dxe4 9. c4 a5 10.
b5 Nb8 11. Nxb6 cxb6 12. Ng3 f5 13. Qh5+ Ng6 14. d5 O-O 15. Rd1 Nf4 16. dxe6 Nxh5 17. Rxd8 Rxd8 18. Nxh5 Bxe6 19. Nxg7 Kf7 20. Be2 Nd7 21.
Bh5+ Ke7 22. O-O Nc5 23. Be5 Rac8 24. Be2 Nd3 25. Bg3 Kf7 26. Nxe6 Kxe6 27. f3 e3 28. f4 Rxc4 29. h3 Rc2 30. Bd1 Rd2 31. Bb3+ Kd6 32. Rf3 Re8 33. Bc4 Kc5 34. Bf7 Re7 35.
Bg8 e2 0-1

[Event "Early-Titled-Tuesday-Blitz-October-03-2023"]
[Site "Chess.com"]
[Date "2023.10.03"]
[Round "10"]
[White "bylavochka"]
[Black "Mr_Lion22"]
[Result "0-1"]
[WhiteElo "2355"]
[BlackElo "2494"]
[TimeControl "180+1"]
[EndTime "9:56:26 PDT"]
[Termination "Mr_Lion22 won on time"]

1. e4 c5 2. Nf3 d6 3. d4 cxd4 4.
Nxd4 Nf6 5. Nc3 a6 6. f3 e5 7. Nb3 Be6 8. Be3 Nbd7 9. Qd2 h5 10.
O-O-O Rc8 11. Kb1 b5 12. Qf2 Qc7 13. h4 Be7 14. g3 O-O 15. Bh3 b4 16. Na4 d5 17. Nb6 Nxb6 18. Bxb6 Qc6 19. Bxe6 fxe6 20. exd5 exd5 21. Ba5 d4 22. Rhe1 Ne4 23. Qg2 Rxf3 24.
Qxf3 Nc3+ 25. bxc3 Qxf3 26. cxd4 e4 27. Rf1 Qc3 28. Rd2 e3 29. Re2 Bf6 30. Rf4 Bxd4 31.
Rxd4 Rf8 32. Rd1 Rf2 33. Nd4 Rxe2 34. Nxe2 Qd2 35. Bxb4 Qxd1+ 36. Kb2 Qxe2 0-1

[Event "Early-Titled-Tuesday-Blitz-October-03-2023"]
[Site "Chess.com"]
[Date "2023.10.03"]
[Round "10"]
[White "GMJustin"]
[Black "Gyulamiryan-koryun"]
[Result "1-0"]
[WhiteElo "2208"]
[BlackElo "1993"]
[TimeControl "180+1"]
[EndTime "9:56:26 PDT"]
[Termination "GMJustin won by checkmate"]

1. d4 Nf6 2. c4 c5 3. d5 b5 4. cxb5 a6 5. bxa6 Bxa6 6. Nc3 g6 7. e4 Bxf1 8. Kxf1 d6 9. Nge2 Bg7 10. h3 O-O 11. Kg1 Nbd7 12. Kh2 Qa5 13. Re1 Rfb8 14. Qc2 c4 15. Be3 Ne5 16. Nc1 Qb4 17. Re2 Nfd7 18. f4 Nd3 19. Nxd3 cxd3 20. Qxd3 Nc5 21. Bxc5 dxc5 22. a3 Qb3 23. e5 c4 24. Qe4 Ra6 25. Rd1 Qb7 26. Rd4 Rb6 27. Rxc4 Rxb2 28. Rxb2 Qxb2 29.
Rb4 Rxb4 30. Qxb4 Qd2 31. Qb8+ Bf8 32. Qb4 e6 33. d6 h5 34. Qc4 Kg7 35. Ne2 Qe3 36. a4 h4 37. a5 Qa7 38. Qb4 Qd7 39. Qc5 Qa4 40. Qd4 Qb5 41. d7 Be7 42. d8=Q Bxd8 43.
Qxd8 Qxe2 44. Qf6+ Kg8 45. Qxh4 Qb5 46. Qd8+ Kg7 47. Kg3 g5 48. Qxg5+ Kf8 49. h4 Qxa5 50. Kh2 Qe1 51. h5 Qe4 52. h6 Qg6 53. Qd8# 1-0

[Event "Early-Titled-Tuesday-Blitz-October-03-2023"]
[Site "Chess.com"]
[Date "2023.10.03"]
[Round "10"]
[White "AjedrezenMadrid"]
[Black "kidagent"]
[Result "1-0"]
[WhiteElo "2463"]
[BlackElo "2278"]
[TimeControl "180+1"]
[EndTime "9:56:27 PDT"]
[Termination "AjedrezenMadrid won by resignation"]

1. b3 c5 2. Nf3 Nc6 3. Bb2 d5 4. d4 cxd4 5. Nxd4 Nf6 6. g3 g6 7. Bg2 Bg7 8. O-O O-O 9. Nxc6 bxc6 10. c3 Nd7 11. Qc1 Ba6 12. c4 d4 13. Bxc6 Rc8 14.
Bg2 e5 15. Rd1 Re8 16. e3 Qb6 17. exd4 exd4 18. Nd2 Re2 19. Nf3 Rce8 20. Bxd4 Qc7 21.
Qc3 Bf8 22. Re1 Bb7 23. Rxe2 Rxe2 24. Bf1 Re8 25. Re1 Rxe1 26. Nxe1 Qc6 27. Bg2 Qc7 28. Nf3 a5 29. h4 Bb4 30. Qe3 Qd8 31. h5 Nf8 32. Qe5 f6 33. Qxf6 Qxf6 34. Bxf6 gxh5 35. Nd4 Bxg2 36. Kxg2 Kf7 37. Bd8 Ke8 38. Bb6 Kd7 39.
Nc2 Bc3 40. a3 Kc6 41. Be3 Ne6 42. b4 a4 43. Kh3 Bf6 44. b5+ Kd6 45. b6 Kc6 46. c5 Nd8 47. Nb4+ Kb5 48. Nd5 Bb2 49. Kh4 Bxa3 50. Nc3+ Kc6 51. Nxa4 Bxc5 52. Nxc5 1-0

[Event "Early-Titled-Tuesday-Blitz-October-03-2023"]
[Site "Chess.com"]
[Date "2023.10.03"]
[Round "10"]
[White "profedechess93"]
[Black "RamonManon0g"]
[Result "1-0"]
[WhiteElo "2628"]
[BlackElo "2313"]
[TimeControl "180+1"]
[EndTime "9:56:28 PDT"]
[Termination "profedechess93 won by checkmate"]

1. e4 c5 2. Nf3 d6 3. Bb5+ Nd7 4. d4 cxd4 5. Qxd4 a6 6. Bxd7+ Bxd7 7. Bg5 Rc8 8. Nc3 Nf6 9. O-O-O Qa5 10. Kb1 Be6 11.
Nd5 b5 12. Rhe1 h6 13. Bxf6 gxf6 14. Nh4 Rc4 15. Qd3 Rg8 16. Nf5 Rxg2 17. Nfe3 Rxf2 18.
Nxc4 bxc4 19. Qxc4 Bd7 20. Qb3 Bb5 21. c4 Ba4 22.
Qb8+ Kd7 23. Qxf8 Bxd1 24. Qxe7+ Kc6 25. Qe8+ Kc5 26. Qc8+ Kd4 27. Rxd1+ Ke5 28. Qe8# 1-0

[Event "Early-Titled-Tuesday-Blitz-October-03-2023"]
[Site "Chess.com"]
[Date "2023.10.03"]
[Round "10"]
[White "Vaathi_Coming"]
[Black "Mysterio47"]
[Result "1-0"]
[WhiteElo "2879"]
[BlackElo "2714"]
[TimeControl "180+1"]
[EndTime "9:56:29 PDT"]
[Termination "Vaathi_Coming won by resignation"]

1. g3 d5 2. Nf3 Nf6 3. Bg2 c5 4.
O-O Nc6 5. c4 d4 6. e3 e5 7.
exd4 exd4 8. d3 Be7 9. Bf4 O-O 10. Re1 h6 11. Ne5 Nxe5 12. Bxe5 Bd6 13. Nd2 Rb8 14. Qf3 Bxe5 15. Rxe5 b6 16. Qf4 Bb7 17. Bxb7 Rxb7 18. Rae1 Qd7 19. Nf3 Rbb8 20. Re7 Qa4 21. Nh4 Rbe8 22. Nf5 Rxe7 23. Rxe7 Qxa2 24. Kg2 Qxb2 25.
Nxh6+ gxh6 26. Qxf6 Qd2 27. Re5 Kh7 28. Rh5 Qc1 29.
f4 Qc2+ 30. Kh3 1-0

[Event "Early-Titled-Tuesday-Blitz-October-03-2023"]
[Site "Chess.com"]
[Date "2023.10.03"]
[Round "10"]
[White "ViktoriyaTarasova"]
[Black "PawnEatingZombie"]
[Result "1-0"]
[WhiteElo "2371"]
[BlackElo "2171"]
[TimeControl "180+1"]
[EndTime "9:56:30 PDT"]
[Termination "ViktoriyaTarasova won by checkmate"]

1. d4 Nf6 2. c4 g6 3. Nc3 d5 4. cxd5 Nxd5 5. g3 Bg7 6. Bg2 Nb6 7. Nf3 O-O 8. O-O Nc6 9. e3 Re8 10. Re1 e5 11. d5 Na5 12. e4 c6 13. Bg5 f6 14. Be3 Nac4 15. b3 Nxe3 16. Rxe3 cxd5 17. Nxd5 Nxd5 18. exd5 Qd6 19. Nd2 Bd7 20. Rc1 Rac8 21.
Rec3 Qa3 22. Rxc8 Rxc8 23. Rxc8+ Bxc8 24. Qc2 Bf5 25. Be4 Bxe4 26. Nxe4 Qe7 27. Qc8+ Qf8 28. Qxb7 f5 29. Ng5 Qc5 30. Ne6 Qc1+ 31. Kg2 Bf6 32.
d6 Qd1 33. d7 e4 34. d8=Q+ Bxd8 35. Qg7# 1-0

[Event "Early-Titled-Tuesday-Blitz-October-03-2023"]
[Site "Chess.com"]
[Date "2023.10.03"]
[Round "10"]
[White "nitpicker"]
[Black "Elbebiber"]
[Result "1-0"]
[WhiteElo "2234"]
[BlackElo "2138"]
[TimeControl "180+1"]
[EndTime "9:56:31 PDT"]
[Termination "nitpicker won by resignation"]

1. d4 Nf6 2. c4 e6 3. g3 d5 4. Nf3 Be7 5. Bg2 O-O 6. O-O c5 7. cxd5 exd5 8. Nc3 Nc6 9. dxc5 Bxc5 10. Bg5 Be6 11. Rc1 Be7 12. Nd4 Nxd4 13. Qxd4 Qd7 14. Rfd1 Rfd8 15. Rc2 h6 16. Bc1 b6 17. Rcd2 Rac8 18. b3 Bc5 19. Qa4 Bxf2+ 20. Kxf2 Rxc3 21. Qxd7 Rxd7 22. Bb2 Rc8 23. Bxf6 gxf6 24. Bxd5 Rcd8 25. e4 f5 26. Ke3 fxe4 27. Bxe6 Rxd2 28. Rxd2 Rxd2 29.
Kxd2 fxe6 30. Ke3 Kf7 31. Kxe4 Kf6 32. Kf4 e5+ 33. Ke4 h5 34. h3 Ke6 35. g4 hxg4 36.
hxg4 b5 37. b4 a6 38. g5 Kd6 39. g6 Ke6 40. g7 Kf7 41. Kxe5 Kxg7 42. Kd6 Kf7 43.
Kc6 a5 44. bxa5 b4 45. a6 Ke7 46. a7 b3 47. axb3 Ke6 48. a8=Q 1-0

[Event "Early-Titled-Tuesday-Blitz-October-03-2023"]
[Site "Chess.com"]
[Date "2023.10.03"]
[Round "10"]
[White "DefiantChair"]
[Black "Man-Chuk"]
[Result "1-0"]
[WhiteElo "2581"]
[BlackElo "2760"]
[TimeControl "180+1"]
[EndTime "9:56:33 PDT"]
[Termination "DefiantChair won by resignation"]

1. e4 c5 2. Nf3 d6 3. d4 cxd4 4.
Nxd4 Nf6 5. Nc3 Nc6 6. Bg5 Bd7 7.
Qd2 a6 8. O-O-O e6 9. f4 Qc7 10. Nf3 Be7 11. e5 dxe5 12. fxe5 Ng8 13. Ne4 f6 14.
Bf4 f5 15. Nf6+ gxf6 16. exf6 e5 17. Nxe5 Nxe5 18. Bxe5 Qxe5 19. Qxd7+ Kf8 20. fxe7+ Nxe7 21. Bd3 Qd5 22. Qxd5 Nxd5 23. Rdf1 Kg7 24. Rxf5 Ne3 25. Re5 Rae8 26. Rxe8 Rxe8 27. Re1 Kf8 28. Bxh7 b6 29. g3 a5 30. Bd3 Ng4 31. Rxe8+ Kxe8 32. h4 Ke7 33.
Kd2 Kf6 34. Be2 Nh6 35. g4 Ke5 36. Ke3 Nf7 37. g5 Kf5 38. Bd3+ Kg4 39. g6 Nh6 40. g7 Kxh4 41. Bh7 1-0

[Event "Early-Titled-Tuesday-Blitz-October-03-2023"]
[Site "Chess.com"]
[Date "2023.10.03"]
[Round "10"]
[White "baki83"]
[Black "wannabe2700"]
[Result "0-1"]
[WhiteElo "2819"]
[BlackElo "2697"]
[TimeControl "180+1"]
[EndTime "9:56:34 PDT"]
[Termination "wannabe2700 won by checkmate"]

1. d4 d5 2. Nf3 Nf6 3. Bf4 e6 4. e3 c5 5. Nbd2 Bd6 6. Ne5 cxd4 7. exd4 Nc6 8. Bb5 Qc7 9. O-O O-O 10. Bxc6 bxc6 11.
Nb3 c5 12. Nxc5 Bxc5 13. dxc5 Qxc5 14. c3 Ne4 15. Qf3 f6 16. Nd3 Qb6 17. Rad1 Ba6 18.
Be3 Qa5 19. a3 Qa4 20. Rfe1 Bxd3 21. Rxd3 Qb3 22. Bc1 Rfe8 23. h4 e5 24. h5 Rad8 25. h6 g6 26. Rxe4 dxe4 27. Qxf6 Qf7 28. Rxd8 Qxf6 29.
Rxe8+ Kf7 30. Ra8 Qe7 31. Be3 Ke6 32. Rxa7 Qd6 33. Kh2 Qd1 34. Rxh7 Qh5+ 35. Kg3 g5 36. Rg7 Qh4# 0-1

[Event "Early-Titled-Tuesday-Blitz-October-03-2023"]
[Site "Chess.com"]
[Date "2023.10.03"]
[Round "10"]
[White "Xqswdc"]
[Black "Mystery2007"]
[Result "1-0"]
[WhiteElo "2337"]
[BlackElo "2457"]
[TimeControl "180+1"]
[EndTime "9:56:35 PDT"]
[Termination "Xqswdc won by checkmate"]

1. e4 c5 2. Nf3 e6 3. d4 cxd4 4. Nxd4 Nc6 5. Nc3 Qc7 6. Nxc6 bxc6 7. Bd3 Nf6 8. Qe2 Be7 9. e5 Nd5 10. O-O O-O 11. Kh1 f5 12. exf6 Nxf6 13. Bg5 d5 14. Rae1 Bd6 15. Bxf6 Rxf6 16. f4 Rxf4 17. Qh5 g6 18.
Bxg6 hxg6 19. Qxg6+ Qg7 20. Qe8+ Rf8 21. Rxf8+ Bxf8 22. Re3 Bd7 23. Qxa8 Qh6 24. Rg3+ Kf7 25. Rf3+ Ke7 26. h3 Bg7 27. Qb8 Qc1+ 28. Kh2 Qe1 29.
g3 Be5 30. Qf8# 1-0

[Event "Early-Titled-Tuesday-Blitz-October-03-2023"]
[Site "Chess.com"]
[Date "2023.10.03"]
[Round "10"]
[White "LuisFSiles"]
[Black "ChainedDowntohell"]
[Result "0-1"]
[WhiteElo "2274"]
[BlackElo "2420"]
[TimeControl "180+1"]
[EndTime "9:56:35 PDT"]
[Termination "ChainedDowntohell won on time"]

1. d4 Nf6 2. c4 g6 3. Nc3 d5 4. cxd5 Nxd5 5. Bd2 c5 6. dxc5 Bg7 7. e4 Nb4 8. Bb5+ N8c6 9. Qb3 O-O 10.
Rd1 Nd4 11. Qa4 a6 12. Be3 Nbc2+ 13. Kf1 Bg4 14. Be2 Bd7 15. Qc4 Nxe3+ 16. fxe3 Nxe2 17. Ngxe2 Rc8 18. b4 Qe8 19. h4 h5 20. Nf4 Bg4 21. Rd2 Rd8 22. Ncd5 e6 23. Kf2 exd5 24. exd5 Qe5 25. Re1 Rfe8 26. d6 Qc3 27. Rc2 Qxc4 28. Rxc4 Bd7 29. Rcc1 Bc6 30. Ne2 Re4 0-1

[Event "Early-Titled-Tuesday-Blitz-October-03-2023"]
[Site "Chess.com"]
[Date "2023.10.03"]
[Round "10"]
[White "copanchess"]
[Black "stratacticos"]
[Result "1-0"]
[WhiteElo "2161"]
[BlackElo "1755"]
[TimeControl "180+1"]
[EndTime "9:56:35 PDT"]
[Termination "copanchess won on time"]

1. e4 c5 2. d4 cxd4 3. c3 Nf6 4. e5 Nd5 5. Nf3 Nc6 6. cxd4 g6 7. Bc4 Nb6 8. Bb3 Bg7 9. O-O O-O 10. Nc3 d6 11.
Re1 dxe5 12. dxe5 Qxd1 13. Bxd1 Bg4 14. Bf4 Rad8 15. h3 Bxf3 16. Bxf3 Nd4 17. Be4 Nc4 18.
Rac1 Nxb2 19. Rb1 Nc4 20. Rxb7 Nxe5 21. Rxe7 Nec6 22. Rc7 Ne6 23. Rxc6 Nxf4 24. Nb5 Rd7 25. a4 h5 26. Ra6 Re8 27. f3 Ree7 28. Kf1 Rb7 29.
Bxb7 Rxb7 30. Rxa7 Rb6 31. Re8+ Kh7 32. Rxf7 1-0

[Event "Early-Titled-Tuesday-Blitz-October-03-2023"]
[Site "Chess.com"]
[Date "2023.10.03"]
[Round "10"]
[White "Kostya0705"]
[Black "AttilaTurzo"]
[Result "1-0"]
[WhiteElo "2607"]
[BlackElo "2472"]
[TimeControl "180+1"]
[EndTime "9:56:36 PDT"]
[Termination "Kostya0705 won by resignation"]

1. e4 c5 2. Nf3 d6 3. d4 cxd4 4. Nxd4 Nf6 5. Nc3 a6 6. h4 e5 7.
Nb3 Be6 8. f4 exf4 9. Bxf4 Nc6 10. Qd2 Be7 11. O-O-O Ne5 12. Kb1 O-O 13. Nd4 Qc7 14.
Nxe6 fxe6 15. g3 Rad8 16. Bh3 Neg4 17. Qe2 h5 18. Bg5 e5 19. Rhf1 Qc6 20. Nd5 Nxd5 21. exd5 Qc7 22. Bxg4 hxg4 23. Qxg4 Qd7 24. Qxd7 Rxd7 25.
Be3 g6 26. Bh6 Rxf1 27. Rxf1 Rd8 28. c4 Rc8 29. b3 b5 30. cxb5 axb5 31. Rc1 Ra8 32. Rc7 Bf8 33. Bxf8 Kxf8 34. Rb7 Rc8 35. Rxb5 Rc3 36. a4 e4 37. Rb4 Rxg3 38. Kb2 e3 39. Re4 Kf7 40. a5 Kf6 41. a6 Kf5 42. Re8 Rg2+ 43. Ka3 Rg1 44. Kb4 Ra1 45. Kb5 Kf4 46. b4 Kf3 47. Kb6 e2 48. b5 e1=Q 49. Rxe1 Rxe1 50.
a7 Ra1 51. Kb7 Ke4 52. b6 Kxd5 53. a8=Q Rxa8 54. Kxa8 Kc6 55. b7 d5 56. b8=Q 1-0

[Event "Early-Titled-Tuesday-Blitz-October-03-2023"]
[Site "Chess.com"]
[Date "2023.10.03"]
[Round "10"]
[White "venturov"]
[Black "Martial2008"]
[Result "0-1"]
[WhiteElo "2495"]
[BlackElo "2609"]
[TimeControl "180+1"]
[EndTime "9:56:37 PDT"]
[Termination "Martial2008 won by resignation"]

1. e4 e5 2. Nf3 Nf6 3. Nxe5 Nc6 4. Nf3 Nxe4 5. c4 Bc5 6. d4 Bb4+ 7. Bd2 Nxd2 8.
Nbxd2 O-O 9. Be2 d5 10. c5 Bg4 11. a3 Bxd2+ 12. Qxd2 Bxf3 13. Bxf3 Re8+ 14. Kf1 Qf6 15. Rd1 Rad8 16. b4 Ne7 17. h3 c6 18. Qd3 Ng6 19.
g3 Ne7 20. Kg2 a6 21. Rhe1 g6 22. a4 Qf5 23. Qd2 h5 24. b5 axb5 25. axb5 Kg7 26.
bxc6 bxc6 27. Rb1 Ng8 28. Rb7 Rxe1 29. Qxe1 Rd7 30. Rxd7 Qxd7 31. Qe5+ f6 32. Qb8 Nh6 33. Qb4 Nf5 34. Be2 h4 35. Bd3 hxg3 36. Bxf5 Qxf5 37.
fxg3 Qe4+ 38. Kf2 Kh6 39. Qd2+ g5 40. Qb4 Kg6 41. Qa4 Qe6 42. Qa8 Qxh3 43. Qg8+ Kh5 44.
Qh7+ Kg4 45. Qd7+ f5 46. Qxc6 Qxg3+ 47. Ke2 Qf3+ 48. Kd2 Qf2+ 49. Kd3 Qf3+ 50. Kd2 Qf4+ 51. Kd3 Qe4+ 52. Kc3 Qe3+ 53. Kc2 Qxd4 54. Qd6 Qc4+ 55.
Kd2 d4 56. c6 Qc3+ 57. Kd1 d3 58. Qe6 Qc2+ 0-1

[Event "Early-Titled-Tuesday-Blitz-October-03-2023"]
[Site "Chess.com"]
[Date "2023.10.03"]
[Round "10"]
[White "dadice10"]
[Black "falzehope0"]
[Result "0-1"]
[WhiteElo "2162"]
[BlackElo "2363"]
[TimeControl "180+1"]
[EndTime "9:56:37 PDT"]
[Termination "falzehope0 won by resignation"]

1. e4 d5 2. exd5 Nf6 3. Be2 Qxd5 4. Nf3 Bg4 5. h3 Qh5 6. O-O Nc6 7. hxg4 Nxg4 8. d3 e5 9. Nh4 f5 10. Bxg4 fxg4 11.
g3 Nd4 12. c3 Nf3+ 13. Nxf3 gxf3 14. Nd2 e4 15. dxe4 O-O-O 16. Qxf3 Qe8 17. Nc4 Kb8 18. Bf4 Bc5 19. Rfd1 Qb5 20. b3 Rdf8 21. Rd5 g5 22.
Rxg5 Qc6 23. Ne5 Qe8 24. Nf7 Bxf2+ 25. Qxf2 Rxf7 26. Qd4 Rhf8 27. Rd1 b6 28. Rg7 Rxf4 29. gxf4 Qh5 30. Qd7 Rc8 31. Qg4 Qc5+ 32. Kg2 Qxc3 33. Rxh7 Qc2+ 34. Kh1 Qxe4+ 35. Qg2 Qxh7+ 36. Qh2 Qe4+ 37. Qg2 Rh8+ 38. Kg1 Qh7 39. Rd3 Qxd3 0-1

[Event "Early-Titled-Tuesday-Blitz-October-03-2023"]
[Site "Chess.com"]
[Date "2023.10.03"]
[Round "10"]
[White "Tsyhanchuk_Stanislav"]
[Black "bazar-wokzal"]
[Result "1-0"]
[WhiteElo "2449"]
[BlackElo "2595"]
[TimeControl "180+1"]
[EndTime "9:56:38 PDT"]
[Termination "Tsyhanchuk_Stanislav won by resignation"]

1. e4 Nc6 2. Nf3 d5 3. exd5 Qxd5 4. c4 Qa5 5. Nc3 Bg4 6. Be2 O-O-O 7. h3 Bxf3 8. Bxf3 Nd4 9. O-O Nf6 10. d3 Qf5 11.
Be4 Qh5 12. Qa4 Kb8 13. Be3 e5 14. Bxd4 exd4 15. Qb3 b6 16. Nd5 Nxe4 17. dxe4 Bd6 18. a4 Qe5 19. g3 Qxe4 20. a5 Bc5 21. axb6 cxb6 22. Qa4 a5 23. Qb5 Rxd5 24. cxd5 Qxd5 25. Rxa5 d3 26. b4 Qb7 27. Ra3 Be7 28. Rxd3 Bf6 29.
Rd7 1-0

[Event "Early-Titled-Tuesday-Blitz-October-03-2023"]
[Site "Chess.com"]
[Date "2023.10.03"]
[Round "10"]
[White "FM_Kappeler"]
[Black "Zq1"]
[Result "0-1"]
[WhiteElo "2357"]
[BlackElo "2501"]
[TimeControl "180+1"]
[EndTime "9:56:38 PDT"]
[Termination "Zq1 won on time"]

1. d4 Nf6 2. c4 a6 3. e3 e6 4.
Nf3 c5 5. Nc3 d5 6. a3 Nc6 7.
dxc5 Bxc5 8. b4 Be7 9. Bb2 O-O 10. Be2 dxc4 11. Bxc4 b5 12. Bb3 Bb7 13. O-O Qc7 14.
Rc1 Rad8 15. Qe2 Qb8 16. Rfd1 Ng4 17. Ne4 f5 18. Bxe6+ Kh8 19. Ng3 Bf6 20. Bxf5 Bxb2 21. Qxb2 Rxd1+ 22. Rxd1 Nce5 23. Nxe5 Nxe5 24. Qd4 Nc4 25.
a4 Qc7 26. axb5 axb5 27. Qc5 Rd8 28. Rxd8+ Qxd8 29. h4 g6 30. Bg4 Qe8 31. Qd4+ Kg8 32. h5 Kf7 33. h6 Ke7 34. Qg7+ Qf7 35. Qxf7+ Kxf7 36. Bf3 Bxf3 37. gxf3 Na3 38. Ne4 Nc2 39.
Nd6+ Kf6 40. Nxb5 Kg5 41. Nd6 Nxb4 0-1

[Event "Early-Titled-Tuesday-Blitz-October-03-2023"]
[Site "Chess.com"]
[Date "2023.10.03"]
[Round "10"]
[White "Hikaru"]
[Black "Jospem"]
[Result "1-0"]
[WhiteElo "3267"]
[BlackElo "3069"]
[TimeControl "180+1"]
[EndTime "9:56:40 PDT"]
[Termination "Hikaru won by checkmate"]

1. e4 e5 2. Nc3 Nf6 3. Bc4 Nc6 4. d3 Na5 5. Qf3 Nxc4 6. dxc4 d6 7. Nge2 Be6 8. b3 Be7 9. O-O O-O 10. Ng3 g6 11.
Bh6 Re8 12. Nf5 Bf8 13. Bxf8 Kxf8 14. Ne3 Kg7 15. Rad1 Qe7 16. Rd3 Rad8 17. Rfd1 b6 18. a4 a5 19. Nb5 h6 20. Nc3 Qd7 21. Qe2 Qe7 22. f3 Rd7 23. Qf2 Qd8 24. Nb5 Nh5 25. g3 Nf6 26. Kh1 Qa8 27. Kg1 Qd8 28. Kf1 Bh3+ 29.
Ke1 Be6 30. Kd2 Qb8 31. Kc1 Red8 32. Nc3 Qb7 33. Kb2 Re8 34. g4 Qb8 35. h4 Qd8 36.
Rg1 Kh7 37. f4 exf4 38. Qxf4 Ng8 39. g5 h5 40. Ned5 Bxd5 41. Nxd5 c6 42. Nc3 Re6 43. Qf2 f6 44. Rf3 fxg5 45. hxg5 Rg7 46. Rf8 Qe7 47. Rb8 Re5 48. Rxb6 Qc7 49. Ra6 Ne7 50. Ra8 Nc8 51.
Qf8 Rg8 52. Qh6# 1-0

[Event "Early-Titled-Tuesday-Blitz-October-03-2023"]
[Site "Chess.com"]
[Date "2023.10.03"]
[Round "10"]
[White "chesskov1982"]
[Black "wqws"]
[Result "1-0"]
[WhiteElo "2824"]
[BlackElo "2664"]
[TimeControl "180+1"]
[EndTime "9:56:40 PDT"]
[Termination "chesskov1982 won by resignation"]

1. d4 Nf6 2. c4 g6 3. Nc3 Bg7 4. e4 d6 5. Be2 O-O 6. Be3 Na6 7. g4 c6 8. h4 b5 9. cxb5 cxb5 10. g5 Nd7 11.
Bxb5 Qa5 12. h5 Rb8 13. a4 Nb4 14. Nf3 Rxb5 15. axb5 Nc2+ 16. Ke2 Nxa1 17. h6 Bh8 18. Qxa1 Qb4 19. Rc1 f5 20. Qa2+ Rf7 21. Kd1 Bb7 22. Qxa7 Qb3+ 23. Ke1 Bxe4 24. Nxe4 fxe4 25. Qxd7 exf3 26.
b6 Rf8 27. Rc7 Qb4+ 28. Bd2 Qb3 29. Qxe7 Rf7 30. Qxf7+ Qxf7 31. Rxf7 Kxf7 32. b7 Bxd4 33. b8=Q 1-0